 Dungeon Crawl Stone Soup version 0.32-a0-616-g9348d4545b (webtiles) character file.

Game seed: 5303050539008127110

7653 hikkokomori the Skirmisher (level 11, -2/86 HPs)
             Began as a Coglin Hunter on Mar 5, 2024.
             Was a High Priest of Okawaru.
             Succumbed to Amaemon's poison
             ... on level 8 of the Dungeon.
             The game lasted 00:27:00 (8005 turns).

hikkokomori the Skirmisher (Coglin Hunter)          Turns: 8005, Time: 00:27:01

Health: -2/86      AC:  9    Str: 13    XL:     11   Next: 18%
Magic:  8/15       EV: 19    Int:  8    God:    Okawaru [*****.]
Gold:   340        SH:  0    Dex: 21    Spells: 4/16 levels left

rFire   + . .        a - +2 sling {Azuma}
rCold   + + .        k - +2 sling (freeze) {Hana}
rNeg    . . .        p - +2 leather armour {rC+}
rPois   .            o - +0 helmet
rElec   .            v - scarf {rC+ rF+}
rCorr   .            (no gloves)
SInv    .            x - +1 pair of boots {Stlth+}
Will    .....        (amulet unavailable)
Stlth   +++++        (ring unavailable)
HPRegen 0.34/turn    (ring unavailable)
MPRegen 0.14/turn    (no gizmo)

%: no passive effects
@: lethally poisoned (-2 -> -15), weak-willed, heroic, slowed, revving, very
slow
A: off-hand wielding, slow wielding, warmup strikes, no jewellery
a: Invent Gizmo, Renounce Religion, Heroism, Finesse, Duel


You were on level 8 of the Dungeon.
You worshipped Okawaru.
Okawaru was extremely pleased with you.
You visited 1 branch of the dungeon, and saw 9 of its levels.
You also visited: Sewer and Bailey.

You collected 604 gold pieces.
You spent 264 gold pieces at shops.

Inventory:

Hand Weapons
 a - a +2 sling (weapon) {Azuma}
 h - a +0 short sword of electrocution
 i - a +0 sling
 k - a +2 sling of freezing (offhand) {Hana}
 u - a +8 spear
 y - the +7 orcbow of Retof {drain, Dex+4}
   (You took it off a kobold in a bailey)

   Dex+4:     It affects your dexterity (+4).
Missiles
 B - a curare-tipped dart
Armour
 c - a +1 leather armour
 e - a +0 pair of boots
 o - a +0 helmet (worn)
 p - a +2 leather armour of cold resistance (worn)
 r - a +1 cloak
 v - a scarf of resistance (worn)
 x - a +1 pair of boots of stealth (worn)
 D - +0 steam dragon scales
 F - a +1 pair of boots of rampaging
Wands
 s - a wand of acid (6)
 E - a wand of polymorph (8)
Scrolls
 b - a scroll of butterflies
 g - a scroll of immolation
 j - 2 scrolls of teleportation
 G - a scroll of fog {unknown}
 H - a scroll of enchant weapon {unknown}
 I - a scroll of fear
Potions
 d - 2 potions of cancellation {unknown}
 f - 2 potions of heal wounds
 l - a potion of haste
 m - 2 potions of mutation
 n - 3 potions of brilliance {unknown}
 q - 4 potions of lignification
 w - a potion of curing {unknown}
 z - 5 potions of enlightenment
 A - 2 potions of attraction {unknown}
 C - a potion of degeneration {unknown}


   Skills:
 - Level 8.0(13.0) Fighting
 + Level 8.8(13.8) Ranged Weapons
 - Level 2.0(7.0) Armour
 + Level 5.5(10.5) Dodging
 + Level 2.7(7.7) Stealth
 - Level 3.0 Spellcasting
 - Level 4.0 Hexes
 - Level 6.0 Necromancy
 - Level 3.0 Translocations
 + Level 3.4 Invocations


You had 4 spell levels left.
You knew the following spells:

 Your Spells              Type           Power      Damage    Failure   Level
a - Jinxbite              Hex            14%        N/A       12%         2
b - Borgnjor's Vile Clut  Necr/Erth      3%         N/A       97%         5
c - Blink                 Tloc           12%        N/A       17%         2
d - Fugue of the Fallen   Necr           10%        N/A       10%         3

Your spell library contained the following spells:

 Spells                   Type           Power      Damage    Failure   Level
 Apportation              Tloc           12%        N/A       12%         1
 Ensorcelled Hibernation  Hex/Ice        8%         N/A       26%         2
 Magic Dart               Conj           4%         1d3       36%         1
 Anguish                  Hex/Necr       4%         N/A       45%         4
 Yara's Violent Unravell  Hex/Alch       2%         3d3       99%         5
 Alistair's Intoxication  Alch           0%         N/A       100%        5
 Eringya's Noxious Bog    Alch           0%         4d6       100%        6
 Enfeeble                 Hex            3%         N/A       100%        7
 Call Imp                 Summ           Unusable   N/A       N/A         2

Dungeon Overview and Level Annotations

Branches:
Dungeon (9/15)             Temple (0/1) D:7            Lair (0/5) D:8
  Sewer (visited)          Bailey (visited)
    Orc: D:9-12

Altars:
Cheibriados
Elyvilon
Hepliaklqana
Makhleb
Nemelex Xobeh
Okawaru
Wu Jian
Yredelemnul
Zin
The Shining One

Shops:
D:1 (   D:3 :   D:4 !

Annotations:
D:8 2 transporters
D:9 Amaemon


Innate Abilities, Weirdness & Mutations

You can wield a second weapon in your off-hand.
It takes a long time for you to wield or remove held weapons.
Your first few attacks do less damage.
You cannot equip rings or amulets.


Message History

The scorpion's venom grows more potent.
The scorpion misses you.
You feel much better.
You feel extremely sick.
The scorpion disappears in a puff of smoke!
The scorpion closely misses you.
Amaemon hits you with a -1 demon whip of venom.
You are more poisoned.
Amaemon closely misses you. Amaemon misses you. The scorpion barely misses you.
Fire: a) +2 sling {Azuma}
Press: ? - help, Shift-Dir - straight line, f/p - Amaemon
Aim: Amaemon, wielding a -1 demon whip of venom (heavily wounded, heavily drained, 69% to hit)
You shoot a sling bullet. The sling bullet hits Amaemon.
The sling bullet freezes Amaemon.
Amaemon is heavily wounded.
You shoot a sling bullet. The sling bullet hits Amaemon!
Amaemon is severely wounded.
You feel extremely sick. Amaemon closely misses you. Amaemon misses you.
Amaemon closely misses you. The scorpion stings you.
Amaemon hits you with a -1 demon whip of venom!
* * * LOW HITPOINT WARNING * * *
Amaemon closely misses you.
Amaemon tail-slaps you but does no damage.
Blink to where?
Press: ? - help, Dir - move target, p - Amaemon
Found a polished giant spiked club.
As you read the scroll of blinking, it crumbles to dust.
The wailing of tortured souls fills the air!
* * * LOW HITPOINT WARNING * * *
You feel extremely sick.
The wailing of tortured souls fills the air!
Your fugue has ended.
* * * LOW HITPOINT WARNING * * *
You feel very sick.
The scorpion disappears in a puff of smoke!
The scorpion closely misses you.
The scorpion stings you but does no damage.
You climb upwards.
Level annotation: 2 transporters You die...

## ##. ######.. #######
#....... #.....# #...####
#.###.# ###########..#..
#.# #.# ###.........#..#.#
#.# #.###............#.#.#
#.# #...'@............)..#
#.# #####...........[<.#.#
#.#######...........[.....
#.#.........#######.......
#.#.#####.....#######..###
#.#.#....#..#......##.##..
#.#.##...#..#.####.##.#ß..
#.#.##..##......##.##.#ue.
#.#.##......#......#..#c..


There were no monsters in sight!

Vanquished Creatures
  A two-headed ogre (D:9)
  An orc knight (Bailey)
  An orange demon (D:9)
  Jeremiah (D:7)
  A troll (D:8)
  3 slime creatures (D:8)
  Sigmund (D:2)
  4 yaks (D:8)
  Eustachio (D:4)
  3 steam dragons
  A water moccasin (D:5)
  Pargi (Sewer)
  7 orc warriors
  3 sky beasts
  5 ice beasts
  3 black bears
  An ogre (D:4)
  A centaur (D:9)
  2 wolves (D:8)
  2 phantoms (D:6)
  4 bullfrogs
  2 kobold brigands (D:7)
  A brain worm (Sewer)
  A gnoll sergeant (D:5)
  3 scorpions
  An electric eel (D:8)
  A howler monkey (D:6)
  A bombardier beetle (D:5)
  7 hounds
  4 orc priests
  2 jellies
  5 iguanas
  A sleepcap (D:5)
  5 orc wizards
  Robin (D:2)
  A gnoll (D:3)
  10 adders
  A shadow imp (D:7)
  3 white imps
  5 dart slugs
  4 ribbon worms
  28 orcs
  8 ball pythons
  12 bats
  8 endoplasms
  7 giant cockroaches
  29 goblins
  13 hobgoblins
  5 jackals
  4 quokkas
  3 frilled lizards
  42 kobolds
  4 rats
269 creatures vanquished.

Notes
Turn   | Place    | Note
-------+----------+-------------------------------------------
     0 | D:1      | hikkokomori the Coglin Hunter began the quest for the Orb.
     0 | D:1      | Reached XP level 1. HP: 16/16 MP: 1/1
    34 | D:1      | Reached skill level 1 in Stealth
    37 | D:1      | Reached XP level 2. HP: 20/22 MP: 2/2
   186 | D:1      | Reached XP level 3. HP: 28/28 MP: 3/3
   393 | D:1      | Found Qauril's Weapon Shoppe.
   876 | D:2      | Noticed Robin
   880 | D:2      | Killed Robin
   881 | D:2      | Reached XP level 4. HP: 34/34 MP: 4/4
  1290 | D:2      | Noticed Sigmund
  1303 | D:2      | Killed Sigmund
  1304 | D:2      | Reached skill level 5 in Ranged Weapons
  1304 | D:2      | Reached XP level 5. HP: 19/42 MP: 5/5
  1304 | D:2      | Reached XP level 6. HP: 21/48 MP: 6/6
  1450 | D:2      | Found a white marble altar of Elyvilon.
  1551 | D:2      | Learned a level 2 spell: Jinxbite
  1934 | D:3      | Found a glowing drain.
  1943 | Sewer    | Entered a sewer
  2023 | Sewer    | Noticed Pargi
  2031 | Sewer    | Killed Pargi
  2032 | Sewer    | Reached skill level 1 in Spellcasting
  2032 | Sewer    | Reached skill level 1 in Hexes
  2032 | Sewer    | Reached XP level 7. HP: 51/55 MP: 8/8
  2086 | Sewer    | Reached skill level 5 in Fighting
  2222 | D:3      | Found an iron altar of Okawaru.
  2237 | D:3      | Became a worshipper of Warmaster Okawaru
  2448 | D:3      | Found Vytrerih's Book Shoppe.
  2495 | D:3      | Learned a level 5 spell: Borgnjor's Vile Clutch
  2816 | D:4      | Found Upsipnor's Distillery.
  2827 | D:4      | Noticed Eustachio
  3051 | D:4      | Killed Eustachio
  3052 | D:4      | Reached skill level 1 in Invocations
  3337 | D:4      | Reached XP level 8. HP: 57/63 MP: 9/9
  3395 | D:4      | Learned a level 2 spell: Blink
  3444 | D:4      | Found a sparkling altar of Nemelex Xobeh.
  3587 | D:5      | Entered Level 5 of the Dungeon
  3602 | D:5      | Found a snail-covered altar of Cheibriados.
  3602 | D:5      | Noticed a torpor snail
  3602 | D:5      | Noticed a torpor snail
  3605 | D:5      | Noticed a torpor snail
  3674 | D:5      | Found a glowing golden altar of the Shining One.
  3686 | D:5      | Reached * piety under Okawaru
  3871 | D:5      | Found a basalt altar of Yredelemnul.
  3873 | D:5      | Identified the +0 ring mail of Blue the Leaf {rElec MP+9
                  | Int+3}
  4254 | D:5      | Found a glowing silver altar of Zin.
  4301 | D:5      | Reached skill level 1 in Armour
  4301 | D:5      | Reached skill level 1 in Necromancy
  4367 | D:6      | Reached ** piety under Okawaru
  4368 | D:6      | Reached XP level 9. HP: 69/69 MP: 11/11
  4424 | D:6      | Reached skill level 1 in Translocations
  4491 | D:6      | Found an ornate altar of the Wu Jian Council.
  4702 | D:6      | Reached *** piety under Okawaru
  5063 | D:6      | Found an ornate altar of the Wu Jian Council.
  5278 | D:7      | Noticed Jeremiah
  5291 | D:7      | Killed Jeremiah
  5324 | D:7      | Reached XP level 10. HP: 54/79 MP: 13/13
  5558 | D:7      | Found a staircase to the Ecumenical Temple.
  5696 | D:3      | Bought a book of Dreams for 264 gold pieces
  5700 | D:3      | Learned a level 3 spell: Fugue of the Fallen
  6253 | D:8      | Noticed a centaur warrior
  6253 | D:8      | Noticed a red ugly thing
  6255 | D:8      | Noticed a deep elf pyromancer
  6261 | D:8      | Found a transporter.
  6262 | D:8      | Noticed a deep elf pyromancer
  6263 | D:8      | Found a transporter.
  6267 | D:8      | Noticed a manticore
  6275 | D:8      | Found a flagged portal.
  6305 | Bailey   | Entered a bailey
  6520 | Bailey   | Identified the +7 orcbow of Retof {drain, Dex+4}
  6532 | Bailey   | Reached **** piety under Okawaru
  6532 | Bailey   | Noticed an orc knight
  6542 | Bailey   | Killed an orc knight
  6543 | Bailey   | Reached skill level 5 in Necromancy
  7158 | D:8      | Found a burning altar of Makhleb.
  7338 | D:8      | Reached skill level 5 in Dodging
  7342 | D:8      | Reached ***** piety under Okawaru
  7393 | D:8      | Reached XP level 11. HP: 36/86 MP: 15/15
  7609 | D:8      | Found a hazy altar of Hepliaklqana.
  7695 | D:8      | Found a staircase to the Lair.
  7977 | D:9      | Noticed a two-headed ogre
  7981 | D:9      | Noticed Amaemon
  7988 | D:9      | Killed a two-headed ogre
  7996 | D:9      | Received a gift from Okawaru
  8004 | D:9      | HP: 3/86 [poisoned by Amaemon]
  8005 | D:8      | Succumbed to Amaemon's poison

Illustrated notes

Levels and vault maps discovered:
D:1:      onia_arrival_mini_spirals, layout_loops_ring, serial_shops,
          nicolae_shop_competitors_out_of_business, minmay_vboxes
D:2:      layout_loops_ring, basic_altar, kennysheep_generic_room_4, uniq_robin,
          uniq_sigmund
D:3:      minmay_spotlight, layout_loops_ring, okawaru_gym_becter, serial_shops,
          nicolae_book_shop_shelving,
          mainiacjoe_sewer_entry_somewhere_in_here_1,
          chequers_serial_rivers_room_b, kennysheep_generic_room_10
D:4:      layout_cave_pools, mainiacjoe_overflow_alcove_4, serial_shops,
          nicolae_shop_trees, grunt_ministairs_14, uniq_eustachio
D:5:      layout_rooms, lemuel_doored_altar, mainiacjoe_overflow_brackets,
          nicolae_overflow_hidden_temple, cheibriados_altar_2, roderic_batcave,
          minmay_circle_x
D:6:      layout_loops_ring, pdpol_wu_jian_five_deadly_venoms,
          minmay_ruined_shrine
D:7:      layout_rooms, minmay_temple_entry_statues_pillars, kennysheep_boxes,
          uniq_jeremiah
D:8:      gammafunk_sealed_arena, layout_basic, lightli_temple_of_fire,
          mainiacjoe_overflow_boulevard, erik_lair_island, enter_bailey_5
D:9:      layout_basic, tgw_kikubaaqudgha, minmay_hedge_maze, uniq_amaemon

Skill      XL: |  1  2  3  4  5  6  7  8  9 10 |
---------------+-------------------------------+-----
Stealth        | 1 2 |  2.7
Dodging        | 2 3 5 |  5.5
Ranged Weapons | 4 5 7 8 |  8.8
Fighting       | 4 5 6 7 8 |  8.0
Spellcasting   | 1 2 3 |  3.0
Hexes          | 1 2 3 4 |  4.0
Invocations    | 1 3 |  3.4
Armour         | 1 2 |  2.0
Necromancy     | 1 3 6 |  6.0
Translocations | 3 |  3.0

Action                     |  1- 3 |  4- 6 |  7- 9 | 10-12 || total
---------------------------+-------+-------+-------+-------++-------
   Fire: Sling             |   150 |   222 |   646 |   556 ||  1574
   Cast: Jinxbite          |       |       |     3 |     8 ||    11
         Fugue of the Fall |       |       |       |     5 ||     5
 Invoke: Heroism           |       |       |     1 |     1 ||     2
    Use: Potion            |       |     1 |       |     2 ||     3
         Scroll            |       |     3 |     4 |     6 ||    13
 Armour: Leather armour    |    15 |    29 |   130 |    93 ||   267
  Dodge: Dodged            |    10 |    20 |   163 |    96 ||   289

Table legend: (Time is in decaauts)
 A = Elapsed time spent in this place.
 B = Non-inter-level travel time spent in this place.
 C = Inter-level travel time spent in this place.
 D = Time resting spent in this place.
 E = Time spent auto-exploring this place.
 F = Levels seen in this place.
 G = Mean time per level.
                   A        B        C        D        E       F      G
               +--------+--------+--------+--------+--------+-----+--------+
         Total |   8116 |   7673 |    443 |    389 |   5507 |  11 |  737.8 |
       Dungeon |   7414 |   6971 |    443 |    303 |   5176 |   9 |  823.8 |
         Sewer |    236 |    236 |      0 |      0 |    167 |   1 |  236.0 |
        Bailey |    464 |    464 |      0 |     86 |    163 |   1 |  464.0 |
               +--------+--------+--------+--------+--------+-----+--------+

Top non-repeatable levels by time:
     D:8: 1304 daAuts
     D:2: 1001 daAuts
     D:6: 952 daAuts
     D:3: 928 daAuts
     D:4: 836 daAuts
     D:7: 783 daAuts
     D:5: 760 daAuts
     D:1: 748 daAuts
  Bailey: 464 daAuts
   Sewer: 236 daAuts
     D:9: 96 daAuts
